 Dungeon Crawl Stone Soup version 0.31-a0-167-g1c394c0614 (webtiles) character file.

Game seed: 3456986732540791005

590 qw the Chopper (level 7, 0/43 HPs)
             Began as a Gargoyle Fighter on June 14, 2023.
             Slain by a two-headed ogre
             ... wielding a +0 giant club
              (25 damage)
             ... on level 4 of the Dungeon.
             The game lasted 00:01:51 (3396 turns).

qw the Chopper (Gargoyle Fighter)                   Turns: 3396, Time: 00:01:52

Health: 0/43       AC: 17    Str: 21    XL:     7   Next: 39%
Magic:  7/7        EV:  5    Int:  9    God:
Gold:   39         SH:  4    Dex:  9    Spells: 6/6 levels left

rFire   . . .        Y - +3 war axe
rCold   . . .        c - +0 buckler
rNeg    + . .        i - +1 plate armour
rPois   inf          (no helmet)
rElec   +            (no cloak)
rCorr   .            (no gloves)
SInv    .            (no boots)
Will    .....        (no amulet) Stlth
                     (no ring)
HPRegen 0.27/turn    (no ring)
MPRegen 0.10/turn

%: no passive effects
@: no status effects
A: sickness immunity, AC +4, negative energy resistance 1, electricity
resistance, torment resistance 1, petrification resistance
a: no special abilities


You were on level 4 of the Dungeon.
You visited 1 branch of the dungeon, and saw 4 of its levels.

You collected 173 gold pieces.
You spent 134 gold pieces at shops.


Innate Abilities, Weirdness & Mutations

You are immune to sickness and miasma.
Your stone body is resilient. (AC +4)
You are immune to poison.
You resist negative energy. (rN+)
You are resistant to electric shocks. (rElec)
You are resistant to unholy torment.
You are immune to petrification.


   Skills:
 + Level 4.0 Fighting
 - Level 7.0 Axes
 - Level 3.2 Armour
 - Level 3.2 Shields


You had 6 spell levels left.
You didn't know any spells.
Your spell library was empty.

Inventory:

Hand Weapons
 b - a +0 mace
 Y - a +3 war axe (weapon)
Missiles
 h - a boomerang (quivered)
Armour
 c - a +0 buckler (worn)
 i - a +1 plate armour (worn)
Scrolls
 g - a scroll of identify
 k - a scroll of teleportation
Potions
 a - a potion of lignification {unknown}
 d - a potion of might
 e - 4 potions of curing
 p - a potion of heal wounds {unknown}
 q - a potion of mutation {unknown}

Dungeon Overview and Level Annotations

Branches:
Dungeon (4/15)
 Temple: D:4-7

Altars:
Gozag
Sif Muna
Vehumet
Zin

Shops:
D:3 *

Annotations:
D:4 2 transporters


Message History

You hit the wight.
The wight is almost destroyed.
The wight closely misses you.
You slash the wight!
You destroy the wight!
Your Axes skill increases to level 7!
You start resting.
You hear the rusting of a drain nearby.
HP restored.
Things that are here:
a +0 war axe; a +0 robe; a scroll of noise You see here a +0 ring mail.
You hear the rusting of a drain nearby.
Things that are here:
a +3 long sword; a +0 robe
Found 4 stones and a sling.
The shadow imp shouts, "Out, out, thou froward dismal-dreaming barnacle!"
a - a fizzy green potion The orc priest shouts!
The shadow imp summons a swarm of flies.
A two-headed ogre comes into view. It is wielding two +0 giant clubs.
The two-headed ogre shouts in stereo!
You throw a boomerang.
The boomerang barely misses the two-headed ogre.
You barely miss the two-headed ogre.
The two-headed ogre hits you but does no damage.
You block the two-headed ogre's attack.
You slash the two-headed ogre!
The two-headed ogre is lightly wounded.
The two-headed ogre closely misses you.
The two-headed ogre hits you with a +0 giant club!
You slash the two-headed ogre!
The two-headed ogre is heavily wounded.
The two-headed ogre hits you with a +0 giant club!
The two-headed ogre hits you but does no damage.
You barely miss the two-headed ogre.
The two-headed ogre is heavily wounded.
The two-headed ogre hits you with a +0 giant club!!
Ouch! That really hurt!
You die...

##.##...# #.....^..
#.####### #.#8P.^.P #
#.#P../.. #. #.####+##
##.########.#.~...~
##.#..O........#o~...~
.......@######.#o~~~~~
##.#....# #.#5~~}P~
##.#.# #.#.~~~~~.#
.....# #.#.~...~.#
.##.### #.#.~...~.# ..
# #.####+#### .
#.#~..)(.~#
#.#8P$^$P8#
#.#########


You could see a two-headed ogre.

Vanquished Creatures
  3 wights (D:4)
  A vampire bat (D:3)
  A jelly (D:3)
  Jessica (D:3)
  Terence (D:2)
  Natasha (twice) (D:3)
  Ijyb (D:3)
  3 gnolls (D:3)
  4 adders
  An ufetubus (D:4)
  2 worms (D:3)
  3 fire bats (D:3)
  3 orcs (D:3)
  2 spectral bats (D:3)
  6 ball pythons
  14 bats
  3 bat skeletons (D:3)
  A bat zombie (D:3)
  6 endoplasms
  4 giant cockroaches
  11 goblins
  4 hobgoblins
  10 jackals
  A quokka (D:3)
  A bat simulacrum (D:3)
  2 frilled lizards
  4 kobolds
  3 rats
98 creatures vanquished.

Notes
Turn   | Place    | Note
-------+----------+-------------------------------------------
     0 | D:1      | qw the Gargoyle Fighter began the quest for the Orb.
     0 | D:1      | Reached XP level 1. HP: 14/14 MP: 1/1
     0 | D:1      | 0 ||| qw: Version: 0.2-a-29-g1fa15c8
     0 | D:1      | 0 ||| qw: Game counter: 5008
     0 | D:1      | 0 ||| qw: Always use a shield: true
     0 | D:1      | 0 ||| qw: God list: Okawaru
     0 | D:1      | 0 ||| qw: Allow faded altars: false
     0 | D:1      | 0 ||| qw: Do Orc after D:15 true
     0 | D:1      | 0 ||| qw: Do second Lair branch before Depths: true
     0 | D:1      | 0 ||| qw: Lair rune preference: random
     0 | D:1      | 0 ||| qw: Plans: Normal, Zot:1-4, Slime:5, God:TSO, Crypt,
                  | Tomb, Abyss, Pan, Hells, Win
     0 | D:1      | 0 ||| PLANNING D:1-11
    23 | D:1      | Reached skill level 2 in Axes
    38 | D:1      | 38 ||| Stepping ~*~*~tactically~*~*~ (hiding).
    39 | D:1      | 39 ||| Stepping ~*~*~tactically~*~*~ (hiding).
    40 | D:1      | 40 ||| Stepping ~*~*~tactically~*~*~ (hiding).
    85 | D:1      | 85 ||| Stepping ~*~*~tactically~*~*~ (stealth).
   164 | D:1      | Reached XP level 2. HP: 19/19 MP: 2/2
   265 | D:1      | 265 ||| Stepping ~*~*~tactically~*~*~ (stealth).
   266 | D:1      | 266 ||| Stepping ~*~*~tactically~*~*~ (stealth).
   274 | D:1      | 274 ||| Stepping ~*~*~tactically~*~*~ (stealth).
   502 | D:1      | Reached skill level 3 in Axes
   570 | D:1      | Reached XP level 3. HP: 23/23 MP: 3/3
   797 | D:1      | 797 ||| DROPPING +6 ring of intelligence.
   798 | D:1      | 798 ||| READING scroll labelled KIS GID JUWU.
   799 | D:1      | 799 ||| READING 4 scrolls labelled GOSEIN GEEREU.
   800 | D:1      | 800 ||| READING scroll labelled QUUNKO BOTESS.
   805 | D:1      | 805 ||| READING scroll labelled INUICI POLU.
   806 | D:1      | 806 ||| READING 3 scrolls of identify.
   806 | D:1      | 806 ||| IDENTIFYING bubbling white potion
   931 | D:2      | 931 ||| Stepping ~*~*~tactically~*~*~ (stealth).
  1039 | D:2      | Found a shimmering blue altar of Sif Muna.
  1064 | D:2      | Noticed Terence
  1066 | D:2      | 1066 ||| Stepping ~*~*~tactically~*~*~ (stealth).
  1078 | D:2      | Killed Terence
  1079 | D:2      | Reached skill level 4 in Axes
  1079 | D:2      | Reached XP level 4. HP: 12/28 MP: 4/4
  1490 | D:2      | 1490 ||| UPGRADING to +0 plate armour.
  1500 | D:2      | 1500 ||| DROPPING +0 scale mail.
  1501 | D:2      | 1501 ||| READING scroll labelled KUIKES ZEITI.
  1502 | D:2      | 1502 ||| READING 2 scrolls of identify.
  1502 | D:2      | 1502 ||| IDENTIFYING bubbling inky potion
  1503 | D:2      | 1503 ||| DROPPING potion of enlightenment.
  1589 | D:3      | Noticed Jessica
  1597 | D:3      | Killed Jessica
  1619 | D:3      | 1619 ||| DROPPING +0 club.
  1639 | D:3      | Reached XP level 5. HP: 30/32 MP: 5/5
  1782 | D:3      | Reached skill level 5 in Axes
  1817 | D:3      | 1817 ||| Stepping ~*~*~tactically~*~*~ (stealth).
  1849 | D:3      | 1849 ||| Stepping ~*~*~tactically~*~*~ (stealth).
  1856 | D:3      | Reached XP level 6. HP: 30/38 MP: 6/6
  2000 | D:3      | Found a radiant altar of Vehumet.
  2026 | D:3      | Found Gochi's Assorted Antiques.
  2086 | D:3      | 2086 ||| BUYING encrusted gold wand (68 gold).
  2086 | D:3      | Bought an encrusted gold wand for 68 gold pieces
  2086 | D:3      | 2086 ||| BUYING fuming inky potion (15 gold).
  2086 | D:3      | Bought a fuming inky potion for 15 gold pieces
  2086 | D:3      | 2086 ||| BUYING scroll labelled BEOM ZUTHRA (17 gold).
  2086 | D:3      | Bought a scroll labelled BEOM ZUTHRA for 17 gold pieces
  2086 | D:3      | 2086 ||| BUYING scroll of identify (34 gold).
  2086 | D:3      | Bought a scroll of identify for 34 gold pieces
  2086 | D:3      | 2086 ||| SHOPLISTING scroll of teleportation (51 gold, have
                  | 1).
  2107 | D:3      | 2107 ||| Stepping ~*~*~tactically~*~*~ (hiding).
  2109 | D:3      | 2109 ||| Stepping ~*~*~tactically~*~*~ (hiding).
  2308 | D:3      | Found a glowing silver altar of Zin.
  2308 | D:3      | Found an opulent altar of Gozag.
  2363 | D:3      | Noticed Natasha
  2372 | D:3      | Killed Natasha
  2608 | D:3      | Reached skill level 6 in Axes
  2666 | D:3      | Noticed Natasha
  2667 | D:3      | 2667 ||| Stepping ~*~*~tactically~*~*~ (stealth).
  2668 | D:3      | Noticed Ijyb
  2669 | D:3      | 2669 ||| Stepping ~*~*~tactically~*~*~ (hiding).
  2674 | D:3      | Killed Natasha
  2706 | D:3      | HP: 9/38 [Ijyb/+0 club (2)]
  2707 | D:3      | 2707 ||| READING 2 scrolls of teleportation.
  2908 | D:3      | 2908 ||| Stepping ~*~*~tactically~*~*~ (hiding).
  2909 | D:3      | 2909 ||| Stepping ~*~*~tactically~*~*~ (hiding).
  2911 | D:3      | 2911 ||| Stepping ~*~*~tactically~*~*~ (hiding).
  2917 | D:3      | Killed Ijyb
  3044 | D:3      | 3044 ||| READING 2 scrolls labelled RUCUPIEPRU.
  3045 | D:3      | 3045 ||| READING scroll of enchant armour.
  3045 | D:3      | 3045 ||| ENCHANTING +0 plate armour.
  3046 | D:3      | 3046 ||| READING scroll labelled BEOM ZUTHRA.
  3047 | D:3      | 3047 ||| READING 3 scrolls labelled ISECSI JUALI.
  3048 | D:3      | 3048 ||| READING 2 scrolls of enchant weapon.
  3048 | D:3      | 3048 ||| ENCHANTING +1 war axe.
  3049 | D:3      | 3049 ||| READING scroll of enchant weapon.
  3049 | D:3      | 3049 ||| ENCHANTING +2 war axe.
  3050 | D:3      | 3050 ||| READING 4 scrolls of identify.
  3050 | D:3      | 3050 ||| IDENTIFYING bubbling brown potion
  3051 | D:3      | 3051 ||| READING 3 scrolls of identify.
  3051 | D:3      | 3051 ||| IDENTIFYING fuming inky potion
  3052 | D:3      | 3052 ||| READING 2 scrolls of identify.
  3052 | D:3      | 3052 ||| IDENTIFYING viscous coppery potion
  3053 | D:3      | 3053 ||| DROPPING potion of degeneration.
  3054 | D:3      | 3054 ||| DROPPING wand of acid (6).
  3055 | D:3      | 3055 ||| DROPPING potion of berserk rage.
  3056 | D:3      | 3056 ||| DROPPING potion of brilliance.
  3112 | D:4      | 3112 ||| PLANNING SEWER
  3228 | D:4      | Reached XP level 7. HP: 43/43 MP: 7/7
  3245 | D:4      | 3245 ||| FLEEEEING.
  3246 | D:4      | 3246 ||| FLEEEEING.
  3247 | D:4      | 3247 ||| FLEEEEING.
  3248 | D:4      | 3248 ||| FLEEEEING.
  3249 | D:4      | 3249 ||| FLEEEEING.
  3250 | D:4      | 3250 ||| FLEEEEING.
  3251 | D:4      | 3251 ||| FLEEEEING.
  3252 | D:4      | 3252 ||| FLEEEEING.
  3253 | D:4      | 3253 ||| FLEEEEING.
  3254 | D:4      | 3254 ||| FLEEEEING.
  3255 | D:4      | 3255 ||| FLEEEEING.
  3256 | D:4      | 3256 ||| FLEEEEING.
  3257 | D:4      | 3257 ||| FLEEEEING.
  3258 | D:4      | 3258 ||| FLEEEEING.
  3259 | D:4      | 3259 ||| FLEEEEING.
  3263 | D:4      | 3263 ||| FLEEEEING.
  3264 | D:4      | 3264 ||| FLEEEEING.
  3265 | D:4      | 3265 ||| FLEEEEING.
  3266 | D:4      | 3266 ||| FLEEEEING.
  3267 | D:4      | 3267 ||| FLEEEEING.
  3268 | D:4      | 3268 ||| FLEEEEING.
  3269 | D:4      | 3269 ||| FLEEEEING.
  3273 | D:4      | 3273 ||| FLEEEEING.
  3274 | D:4      | 3274 ||| FLEEEEING.
  3285 | D:4      | Reached skill level 7 in Axes
  3364 | D:4      | Found a transporter.
  3382 | D:4      | Found a transporter.
  3391 | D:4      | Noticed a two-headed ogre
  3396 | D:4      | Slain by a two-headed ogre

Levels and vault maps discovered:
D:1:      dpeg_arrival_pits, layout_loops_ring
D:2:      layout_basic, basic_altar, chequers_big_river, uniq_terence
D:3:      kennysheep_goblin_castle, layout_basic,
          grunt_temple_overflow_gold_and_silver, nicolae_overflow_crystal_walls,
          serial_shops, shop, goddamned_bats, uniq_natasha, uniq_jessica
D:4:      gammafunk_wand_slinger, layout_loops_corners, gup_sewer_entry_bubbles

Skill      XL: |  1  2  3  4  5  6  7 |
---------------+----------------------+-----
Axes           | 2 3 4 5 6 7 |  7.0
Fighting       | 4 |  4.0
Armour         | |  3.2
Shields        | |  3.2

Action                     |  1- 3 |  4- 6 |  7- 9 || total
---------------------------+-------+-------+-------++-------
  Melee: War axe           |   121 |   135 |    17 ||   273
         Unarmed           |       |    32 |       ||    32
  Throw: Boomerang         |     1 |    60 |     7 ||    68
    Use: Scroll            |     5 |    12 |       ||    17
 Armour: Scale mail        |    62 |       |       ||    62
         Plate armour      |       |   145 |     9 ||   154
  Dodge: Dodged            |    67 |    61 |     5 ||   133
  Block: Buckler           |    22 |    41 |     1 ||    64

Table legend:
 A = Non-vault XP
 B = Vault XP
 C = Vault XP percentage of total XP
 D = Non-vault monster count
 E = Vault monster count
 F = Vault count percentage of total count
                 A         B        C        D         E       F
            +---------+---------+-------+---------+---------+-------
      Total |     501 |     343 |  40.6 |      63 |      35 |  35.7
            +---------+---------+-------+---------+---------+-------
        D:1 |      39 |       0 |   0.0 |      22 |       0 |   0.0
        D:2 |      48 |      36 |  42.9 |      15 |       1 |   6.2
        D:3 |     171 |     307 |  64.2 |      21 |      34 |  61.8
        D:4 |     243 |       0 |   0.0 |       5 |       0 |   0.0
            +---------+---------+-------+---------+---------+-------
